 Dungeon Crawl Stone Soup version 0.30-a0-34-gbe8da3892a (webtiles) character file.

Game seed: 6867307430370950362

1290 frimble the Insei (level 8, -4/60 HPs)
             Began as a Demonspawn Air Elementalist on Aug 28, 2022.
             Slain by a scorpion (7 damage)
             ... on level 6 of the Dungeon.
             The game lasted 00:08:30 (7642 turns).

frimble the Insei (Demonspawn Air Elementalist)     Turns: 7642, Time: 00:08:31

Health: -4/60      AC:  2    Str: 10    XL:     8   Next: 30%
Magic:  4/11       EV: 12    Int: 17    God:
Gold:   155        SH:  0    Dex: 14    Spells: 10/11 levels left

rFire   . . .      SeeInvis .      - Unarmed
rCold   . . .      Faith    .    (no shield)
rNeg    . . .      Spirit   .    i - +0 robe
rPois   .          Reflect  .    (helmet restricted)
rElec   .          Harm     .    (no cloak)
rCorr   .          Rampage  .    (no gloves)
Will    .....                    (no boots)
Stlth   +++.......               (no amulet)
HPRegen 0.20/turn                (no ring)
MPRegen 0.12/turn                (no ring)

@: lethally poisoned (-4 -> -24), very slightly contaminated
A: antennae 1, claws 2, hooves 2, demonic magic 1
a: no special abilities


You were on level 6 of the Dungeon.
You visited 1 branch of the dungeon, and saw 6 of its levels.

You collected 155 gold pieces.

Inventory:

Hand Weapons
 a - a +1 dagger of venom
 c - a +0 vampiric dagger
Armour
 i - a +0 robe (worn)
 n - a +0 buckler
Jewellery
 m - a ring of protection from cold
 u - a +6 ring of dexterity
Scrolls
 g - 3 scrolls of teleportation
 o - 3 scrolls of immolation
 p - a scroll of vulnerability
 q - a scroll of enchant armour
 r - a scroll of amnesia
Potions
 b - a potion of magic
 d - 2 potions of might
 e - 2 potions of haste
 f - 5 potions of curing {unknown}
 h - 4 potions of lignification {unknown}
 k - 2 potions of cancellation {unknown}
 l - a potion of mutation {unknown}
 t - a potion of brilliance {unknown}


   Skills:
 - Level 4.1 Fighting
 - Level 2.0 Short Blades
 - Level 1.8 Dodging
 + Level 5.1 Stealth
 + Level 5.8 Unarmed Combat
 - Level 2.0 Spellcasting
 - Level 3.0 Conjurations
 - Level 2.7 Air Magic


You had 10 spell levels left.
You knew the following spells:

 Your Spells              Type           Power      Damage    Failure   Level
a - Shock                 Conj/Air       44%        1d5       6%          1

Your spell library contained the following spells:

 Spells                   Type           Power      Damage    Failure   Level
 Static Discharge         Conj/Air       22%        3-5/arc   9%          2
 Swiftness                Air            10%        N/A       19%         3
 Airstrike                Air            5%         2d(1-17)  54%         4


Dungeon Overview and Level Annotations

Branches:
Dungeon (6/15)             Temple (0/1) D:5

Altars:
Makhleb
Sif Muna
Trog


Innate Abilities, Weirdness & Mutations

You have a pair of small antennae on your head.
You have very sharp fingernails.
You have hoof-like feet.
Spells you cast may paralyse adjacent enemies.


Message History

Press: ? - help, Q - select action Shift-Dir - straight line, f/p - scorpion
Aim: a scorpion (severely wounded, 68% to hit)
The zap hits the scorpion but does no damage.
The scorpion is severely wounded.
Malevolent energies surge around you.
You feel very sick. The scorpion stings you.
* * * LOW HITPOINT WARNING * * *
You are lethally poisoned!
The scorpion poisons you!
Aiming: Shock (safe; 6% risk of failure)
Press: ? - help, Q - select action Shift-Dir - straight line, p - scorpion
Okay, then.
Unknown command.
Unknown command.
Aiming: Shock (safe; 6% risk of failure)
Press: ? - help, Q - select action Shift-Dir - straight line, f/p - scorpion
Aim: a scorpion (severely wounded, 68% to hit)
The zap misses the scorpion.
Malevolent energies surge around you.
* * * LOW HITPOINT WARNING * * *
You feel very sick. The scorpion stings you.
* * * LOW HITPOINT WARNING * * *
You feel much better.
You feel very sick. The scorpion stings you.
* * * LOW HITPOINT WARNING * * *
You are lethally poisoned!
The scorpion poisons you! The scorpion stings you.
* * * LOW HITPOINT WARNING * * *
Aiming: Shock (safe; 6% risk of failure)
Press: ? - help, Q - select action Shift-Dir - straight line, f/p - scorpion
Aim: a scorpion (severely wounded, 68% to hit)
The zap hits the scorpion.
The scorpion is almost dead.
Malevolent energies surge around you.
* * * LOW HITPOINT WARNING * * *
You feel very sick. The scorpion stings you!
You die...

..... ...... ....
.....####....# ....
.............# ....$
............# #....#
#..........# #.....#
##........#
#......####.........#
......s.#...........#
.......@....###.....#
....?......##
####..####
...........# ##..<..
.......#...# #.....
......###..# #..###.
.....# ##.# #..# #
..... #.. #.## ####.
##.# #. .# .#


You could see a scorpion.

Vanquished Creatures
  A water moccasin (D:5)
  4 black bears
  An ogre (D:5)
  2 phantoms (D:5)
  A necrophage (D:4)
  A scorpion (D:3)
  An orc priest (D:3)
  5 hounds
  Terence (D:3)
  2 iguanas
  3 orc wizards
  A shadow imp (D:5)
  A white imp (D:3)
  3 ufetubi (D:4)
  3 worms
  3 dart slugs
  12 orcs
  8 ball pythons
  8 endoplasms
  4 giant cockroaches
  5 goblins
  6 hobgoblins
  5 quokkas
  8 bats
  8 frilled lizards
  5 kobolds
  9 rats
111 creatures vanquished.

Vanquished Creatures (others)
  9 plants
9 creatures vanquished.

Grand Total: 120 creatures vanquished

Notes
Turn   | Place    | Note
-------+----------+-------------------------------------------
     0 | D:1      | frimble the Demonspawn Air Elementalist began the quest for
                  | the Orb.
     0 | D:1      | Reached XP level 1. HP: 13/13 MP: 3/3
   229 | D:1      | Reached skill level 1 in Short Blades
   387 | D:1      | Discovered your monstrous ancestry.
   387 | D:1      | Gained mutation: You have large cloven feet. [demonic
                  | ancestry]
   387 | D:1      | Reached XP level 2. HP: 5/19 MP: 0/5
  1725 | D:1      | Found a faded altar of an unknown god.
  2055 | D:2      | Gained mutation: You have sharp fingernails. [demonic
                  | ancestry]
  2055 | D:2      | Reached XP level 3. HP: 25/25 MP: 6/6
  2431 | D:2      | Reached skill level 1 in Fighting
  2661 | D:2      | Reached skill level 1 in Unarmed Combat
  3038 | D:4      | Gained mutation: You have very sharp fingernails. [demonic
                  | ancestry]
  3038 | D:4      | Reached XP level 4. HP: 25/32 MP: 0/7
  3263 | D:4      | Noticed a black bear
  3277 | D:4      | Noticed a black bear
  3278 | D:4      | Noticed a necrophage
  3292 | D:4      | Noticed a scorpion
  3304 | D:3      | Killed a scorpion
  3305 | D:3      | Gained mutation: You have hoof-like feet. [demonic
                  | ancestry]
  3305 | D:3      | Reached XP level 5. HP: 28/38 MP: 8/8
  3886 | D:3      | Noticed Terence
  3887 | D:3      | Found a bloodstained altar of Trog.
  3901 | D:3      | Killed Terence
  4178 | D:3      | Found a shimmering blue altar of Sif Muna.
  4346 | D:3      | Found a burning altar of Makhleb.
  4350 | D:3      | Noticed a blizzard demon
  4776 | D:4      | Killed a black bear
  4777 | D:4      | Reached XP level 6. HP: 13/47 MP: 9/9
  5315 | D:4      | Identified the +3 mace of Viheenut {vorpal, rPois Int+3}
  5612 | D:4      | Gained mutation: You have a pair of small antennae on your
                  | head. [demonic ancestry]
  5612 | D:4      | Reached XP level 7. HP: 36/54 MP: 10/10
  6231 | D:5      | Entered Level 5 of the Dungeon
  6485 | D:5      | Reached skill level 5 in Unarmed Combat
  6819 | D:5      | Gained mutation: Spells you cast may paralyse adjacent
                  | enemies. [demonic ancestry]
  6819 | D:5      | Reached XP level 8. HP: 60/60 MP: 4/11
  6976 | D:5      | Found a staircase to the Ecumenical Temple.
  7320 | D:5      | Reached skill level 5 in Stealth
  7642 | D:6      | HP: 3/60 [poisoned by a scorpion]
  7642 | D:6      | Slain by a scorpion

Illustrated notes

Levels and vault maps discovered:
D:1:      minmay_arrival_four_circles, layout_basic,
          shapermc_ecumenical_altar_flowoftime, serial_forest,
          infiniplex_forest_side_room, infiniplex_forest_corner_1,
          infiniplex_forest_clump_tiny, infiniplex_forest_clump_curved,
          infiniplex_forest_clump_tiny, dk_noncrumbling_2
D:2:      layout_loops_corners, minmay_quadrilaterals
D:3:      layout_loops_corners, nzn_overflow_gifts_of_might_and_magic,
          makhleb_altar_promises_db, st_stairs_5
D:4:      layout_loops_ring, serial_bayou_ford_a, minmay_ruptured
D:5:      layout_basic, minmay_temple_entry_large_hall, serial_bayou,
          serial_bayou_shore_a, serial_bayou_lagoon_b, serial_bayou_pond_b,
          serial_bayou_pond_a, serial_bayou_pond_e, serial_bayou_crossing
D:6:      kennysheep_steamy, layout_layer_cave, nicolae_qazlal_scattered_showers

Skill      XL: |  1  2  3  4  5  6  7  8 |
---------------+-------------------------+-----
Short Blades   | 1 2 |  2.0
Fighting       | 1 2 3 4 |  4.1
Unarmed Combat | 1 2 4 5 |  5.8
Conjurations   | 2 3 |  3.0
Stealth        | 2 4 5 |  5.1
Dodging        | |  1.8
Spellcasting   | |  2.0
Air Magic      | |  2.7

Action                   |  1- 3 |  4- 6 |  7- 9 || total
-------------------------+-------+-------+-------++-------
Melee: Dagger            |   107 |   108 |    19 ||   234
       Punch             |     3 |     2 |     3 ||     8
       Kick              |    19 |    37 |    25 ||    81
       Unarmed           |       |    13 |    58 ||    71
 Cast: Shock             |    13 |    18 |    31 ||    62
  Use: Scroll            |     1 |     3 |     3 ||     7
       Potion            |       |     3 |     1 ||     4
 Stab: Sleeping          |    13 |     3 |     1 ||    17
       Paralysed         |       |       |     7 ||     7
Armor: Robe              |    14 |    15 |    15 ||    44
Dodge: Dodged            |    58 |    84 |    55 ||   197

Table legend: (Time is in decaauts)
 A = Elapsed time spent in this place.
 B = Non-inter-level travel time spent in this place.
 C = Inter-level travel time spent in this place.
 D = Time resting spent in this place.
 E = Time spent auto-exploring this place.
 F = Levels seen in this place.
 G = Mean time per level.
                   A        B        C        D        E       F      G
               +--------+--------+--------+--------+--------+-----+--------+
         Total |   7621 |   7437 |    184 |    171 |   6396 |   6 | 1270.2 |
       Dungeon |   7621 |   7437 |    184 |    171 |   6396 |   6 | 1270.2 |
               +--------+--------+--------+--------+--------+-----+--------+

Top non-repeatable levels by time:
     D:3: 1912 daAuts
     D:1: 1767 daAuts
     D:5: 1416 daAuts
     D:4: 1393 daAuts
     D:2: 1104 daAuts
     D:6: 27 daAuts
